Bruins vs Coyotes
Created - November 5, 2018 at 19:22
Goals
|
| Bruins |
0 |
1 |
1 |
2 |
| Coyotes |
1 |
2 |
1 |
4 |
|
Shots
|
| Bruins |
8 |
14 |
5 |
27 |
| Coyotes |
11 |
21 |
1 |
33 |
|
1st period
1. Coyotes , Marek Svatos 3 (Nazem Kadri 5, Zach Parise 4) at 6:49 (PP)
Penalties :
Nathan Horton (Bos) for High sticking (Minor) at 6:14
2nd period
2. Coyotes , Brad Richards 3 (Marian Gaborik 10, Kristopher Letang 6) at 0:22
3. Bruins , Dave Bolland 3 (Rene Bourque 4, Jason Demers 6) at 14:46
4. Coyotes , Nazem Kadri 4 (Zach Parise 5, Marek Svatos 4) at 18:29
Penalties :
Shane O'Brien (Bos) for Roughing (Minor) at 0:35, Brooks Laich (Ari) for Roughing (Minor) at 9:48
3rd period
5. Coyotes , Nazem Kadri 5 (Marek Svatos 5, Greg Zanon 1) at 0:56
6. Bruins , Nathan Horton 4 (Wojtek Wolski 8, Henrik Sedin 8) at 1:46
Penalties :
Henrik Sedin (Bos) for Interference (Minor) at 6:03, Anton Stralman (Ari) for Hooking (Minor) at 13:39
Goalie Stats
Kevin Poulin (Bos), 29 saves from 33 shots - (0.879), L, 3-6-0, 60:00 minutes
Maxime Daigneault (Ari), 25 saves from 27 shots - (0.926), W, 5-1-0, 60:00 minutes
Players Stats for Bruins
Player Name G A P +/- PIM S H SB GA TA FO MP PP MP PK MP
------------------------------------------------------------------------------------
Andrew Alberts 0 0 0 1 0 2 0 3 0 0 0/0 20:05 1:09 2:05
Cam Fowler 0 0 0 1 0 0 2 0 0 0 0/0 20:14 1:09 2:16
Casey Cizikas 0 0 0 0 0 3 1 0 0 0 0/6 9:11 0:00 1:12
Dave Bolland 1 0 1 1 0 2 0 0 0 1 3/7 12:17 0:00 0:00
Henrik Sedin 0 1 1 0 2 6 1 1 0 0 21/40 21:39 2:23 1:47
Jason Demers 0 1 1 -2 0 0 1 2 0 1 0/0 27:53 2:49 2:44
Kevin Bieksa 0 0 0 0 0 0 1 0 0 2 0/0 15:26 2:49 0:38
Kris Chucko 0 0 0 0 0 2 1 0 0 0 0/0 8:46 0:00 1:01
Matt Cooke 0 0 0 1 0 1 0 0 0 1 0/0 14:28 1:35 0:36
Nate Prosser 0 0 0 0 0 0 2 2 0 0 0/0 12:19 0:00 0:00
Nathan Horton 1 0 1 0 2 2 2 1 1 1 0/0 20:21 2:23 0:36
Nikolai Zherdev 0 0 0 0 0 1 2 0 0 1 0/0 7:53 0:00 0:00
Rene Bourque 0 1 1 1 0 1 1 0 0 1 0/1 12:28 0:00 0:11
Shane O'Brien 0 0 0 -2 2 0 3 0 0 3 0/0 24:07 0:00 1:23
Tim Connolly 0 0 0 -2 0 0 1 0 2 0 4/8 16:09 1:35 0:47
Victor Oreskovich 0 0 0 -2 0 1 3 0 1 0 1/1 15:31 1:35 0:00
Viktor Stalberg 0 0 0 -2 0 1 2 0 0 1 0/0 14:21 0:00 0:12
Wojtek Wolski 0 1 1 0 0 5 0 0 0 1 1/1 22:16 2:23 2:44
Players Stats for Coyotes
Player Name G A P +/- PIM S H SB GA TA FO MP PP MP PK MP
------------------------------------------------------------------------------------
Anton Stralman 0 0 0 1 2 1 2 3 0 1 0/0 23:31 2:40 0:42
Brad Richards 1 0 1 -1 0 3 1 1 1 0 17/28 21:15 2:08 1:08
Brooks Laich 0 0 0 0 2 0 0 0 0 0 4/6 8:02 0:00 0:00
Chad Larose 0 0 0 0 0 1 1 0 0 0 0/4 9:56 0:00 2:11
Chris Stewart 0 0 0 0 0 0 1 0 1 0 0/0 11:38 0:00 0:00
Greg Zanon 0 1 1 0 0 1 1 1 0 0 0/0 17:52 0:00 2:32
Josh Gorges 0 0 0 0 0 0 1 3 1 0 0/0 20:42 1:53 2:11
Kristopher Letang 0 1 1 1 0 0 2 0 0 0 0/0 23:31 2:40 1:47
Marek Svatos 1 2 3 2 0 4 3 1 1 0 0/0 16:06 2:25 0:00
Marian Gaborik 0 1 1 -1 0 6 2 0 4 0 0/1 19:57 2:08 0:00
Martin Samuelsson 0 0 0 0 0 2 0 0 0 3 0/1 9:29 0:00 2:11
Maxim Talbot 0 0 0 0 0 2 0 0 2 0 1/2 12:02 0:00 0:00
Michael Del Zotto 0 0 0 0 0 3 0 0 0 0 0/0 18:24 1:53 0:00
Nazem Kadri 2 1 3 2 0 5 1 1 1 0 10/17 16:06 2:25 0:00
Ryane Clowe 0 0 0 0 0 1 2 0 0 0 1/1 13:53 0:00 1:12
Thomas Hickey 0 0 0 0 0 1 1 2 0 0 0/0 16:19 0:00 0:44
Tyler Ennis 0 0 0 -1 0 1 0 0 1 0 1/3 19:57 2:08 0:00
Zach Parise 0 2 2 2 0 2 2 0 1 0 0/1 17:20 2:25 1:14
3 Stars
1 - Nazem Kadri (Ari)
2 - Marek Svatos (Ari)
3 - Zach Parise (Ari)
Power Play
Bruins - 0 on 2 Attempt(s) - 0.00%
Coyotes - 1 on 3 Attempt(s) - 33.33%
Penalty Kill
Bruins - 2 on 3 Attempt(s) - 66.67%
- Score 0 goal in Penalty Kill
Coyotes - 2 on 2 Attempt(s) - 100.00%
- Score 0 goal in Penalty Kill
Team Stat
Bruins - Hits : 23 - Faceoff Wins : 30 - Blocked Shots : 9 - Penalty Minutes : 6
Coyotes - Hits : 20 - Faceoff Wins : 34 - Blocked Shots : 12 - Penalty Minutes : 4
Official
Referees : Unknown
Linesman : Unknown
Game Notes
No Game Note
Finance
Level 1 -- Attendance: 5766 (96.10%) -- Ticket Income $518,940
Level 2 -- Attendance: 4534 (90.68%) -- Ticket Income $240,302
Level 3 -- Attendance: 1938 (96.90%) -- Ticket Income $71,706
Level 4 -- Attendance: 3666 (91.65%) -- Ticket Income $95,316
Luxury Box -- Attendance: 1000 (100.00%) -- Ticket Income $163,000
Game was played at the The Pack Center.
Total Attendance: 16904 (93.91%)
Total Ticket Income: $1,089,264
Other Income: $163,390
Total Income: $1,252,654
Bruins
5 vs 5 Forward
Center Left Wing Right Wing Time % Phy DF OF
1 Henrik Sedin Wojtek Wolski Nathan Horton 40 0 2 3
2 Tim Connolly Viktor Stalberg Victor Oreskovich 30 0 2 3
3 Dave Bolland Matt Cooke Rene Bourque 20 0 2 3
4 Casey Cizikas Kris Chucko Nikolai Zherdev 10 0 2 3
5 vs 5 Defense
Defense Defense Time % Phy DF OF
1 Jason Demers Shane O'Brien 40 0 3 2
2 Andrew Alberts Cam Fowler 30 0 3 2
3 Nate Prosser Kevin Bieksa 20 1 2 2
4 Jason Demers Shane O'Brien 10 1 2 2
PowerPlay Forward
Center Left Wing Right Wing Time % Phy DF OF
1 Henrik Sedin Wojtek Wolski Nathan Horton 60 0 1 4
2 Tim Connolly Matt Cooke Victor Oreskovich 40 0 1 4
PowerPlay Defense
Defense Defense Time % Phy DF OF
1 Jason Demers Kevin Bieksa 60 0 2 3
2 Andrew Alberts Cam Fowler 40 0 2 3
Penalty Kill 4 Players Forward
Center Wing Time % Phy DF OF
1 Henrik Sedin Wojtek Wolski 60 0 4 1
2 Nathan Horton Matt Cooke 40 0 4 1
Penalty Kill 4 Players Defense
Defense Defense Time % Phy DF OF
1 Jason Demers Shane O'Brien 60 1 4 0
2 Andrew Alberts Cam Fowler 40 1 4 0
Penalty Kill - 3 Players Forward
Forward Time % Phy DF OF
1 Wojtek Wolski 60 0 5 0
2 Nathan Horton 40 0 5 0
Penalty Kill - 3 Players Defense
Defense Defense Time % Phy DF OF
1 Jason Demers Shane O'Brien 60 0 5 0
2 Andrew Alberts Cam Fowler 40 0 5 0
4 vs 4 Forward
Center Wing Time % Phy DF OF
1 Wojtek Wolski Henrik Sedin 60 0 2 3
2 Tim Connolly Nathan Horton 40 0 2 3
4 vs 4 Defense
Defense Defense Time % Phy DF OF
1 Jason Demers Shane O'Brien 60 0 3 2
2 Andrew Alberts Cam Fowler 40 0 3 2
Last Minutes Offensive
Center Left Wing Right Wing Defense Defense
Henrik Sedin Wojtek Wolski Nathan Horton Jason Demers Kevin Bieksa
Last Minutes Defensive
Center Left Wing Right Wing Defense Defense
Henrik Sedin Wojtek Wolski Nathan Horton Jason Demers Andrew Alberts
Goaltenders
Starting : Kevin Poulin
Backup : Craig Anderson
Extra Forwards
Normal : Victor Oreskovich, Wojtek Wolski, Henrik Sedin - PP : Dave Bolland, Viktor Stalberg - PK : Rene Bourque
Extra Defensemen
Normal : Cam Fowler, Jason Demers, Andrew Alberts - PP : Nate Prosser - PK : Cam Fowler, Andrew Alberts
Penalty Shots
Nathan Horton, Viktor Stalberg, Wojtek Wolski, Nikolai Zherdev, Rene Bourque
Scratches
None
Coyotes
5 vs 5 Forward
Center Left Wing Right Wing Time % Phy DF OF
1 Brad Richards Tyler Ennis Marian Gaborik 40 0 2 3
2 Nazem Kadri Zach Parise Marek Svatos 30 0 2 3
3 Maxim Talbot Ryane Clowe Chris Stewart 20 1 2 2
4 Brooks Laich Martin Samuelsson Chad Larose 10 1 2 2
5 vs 5 Defense
Defense Defense Time % Phy DF OF
1 Kristopher Letang Anton Stralman 40 0 3 2
2 Josh Gorges Michael Del Zotto 32 0 3 2
3 Greg Zanon Thomas Hickey 28 0 3 2
4 Kristopher Letang Anton Stralman 0 1 2 2
PowerPlay Forward
Center Left Wing Right Wing Time % Phy DF OF
1 Brad Richards Tyler Ennis Marian Gaborik 60 0 1 4
2 Nazem Kadri Zach Parise Marek Svatos 40 0 1 4
PowerPlay Defense
Defense Defense Time % Phy DF OF
1 Kristopher Letang Anton Stralman 60 0 2 3
2 Josh Gorges Michael Del Zotto 40 0 2 3
Penalty Kill 4 Players Forward
Center Wing Time % Phy DF OF
1 Chad Larose Martin Samuelsson 60 1 3 1
2 Brad Richards Zach Parise 40 1 3 1
Penalty Kill 4 Players Defense
Defense Defense Time % Phy DF OF
1 Greg Zanon Josh Gorges 60 1 4 0
2 Anton Stralman Kristopher Letang 40 1 4 0
Penalty Kill - 3 Players Forward
Forward Time % Phy DF OF
1 Marian Gaborik 60 1 3 1
2 Brad Richards 40 1 3 1
Penalty Kill - 3 Players Defense
Defense Defense Time % Phy DF OF
1 Kristopher Letang Anton Stralman 60 1 4 0
2 Josh Gorges Greg Zanon 40 1 4 0
4 vs 4 Forward
Center Wing Time % Phy DF OF
1 Marian Gaborik Brad Richards 60 1 2 2
2 Tyler Ennis Zach Parise 40 1 2 2
4 vs 4 Defense
Defense Defense Time % Phy DF OF
1 Kristopher Letang Anton Stralman 60 1 2 2
2 Josh Gorges Greg Zanon 40 1 2 2
Last Minutes Offensive
Center Left Wing Right Wing Defense Defense
Brad Richards Tyler Ennis Marian Gaborik Kristopher Letang Anton Stralman
Last Minutes Defensive
Center Left Wing Right Wing Defense Defense
Brad Richards Tyler Ennis Marian Gaborik Kristopher Letang Anton Stralman
Goaltenders
Starting : Maxime Daigneault
Backup : Cam Ward
Extra Forwards
Normal : Brooks Laich, Maxim Talbot, Ryane Clowe - PP : Brooks Laich, Maxim Talbot - PK : Ryane Clowe
Extra Defensemen
Normal : Michael Del Zotto, Thomas Hickey, Josh Gorges - PP : Michael Del Zotto - PK : Thomas Hickey, Josh Gorges
Penalty Shots
Marian Gaborik, Brad Richards, Tyler Ennis, Zach Parise, Nazem Kadri
Scratches
None
% Time on Ice - Bruins
Lines # - Real PCT - Wanted PCT - Time Play
Normal Forward
1 - 35% - 40% - 17:48
2 - 27% - 30% - 14:09
3 - 24% - 20% - 12:17
4 - 14% - 10% - 7:15
Normal Defense
1 - 39% - 40% - 19:55
2 - 32% - 30% - 16:18
3 - 24% - 20% - 12:19
4 - 6% - 10% - 2:57
PP Forward
1 - 60% - 60% - 2:23
2 - 40% - 40% - 1:35
PP Defense
1 - 71% - 60% - 2:49
2 - 29% - 40% - 1:09
PK Forward
1 - 87% - 60% - 3:57
2 - 13% - 40% - 0:36
PK Defense
1 - 74% - 60% - 3:22
2 - 26% - 40% - 1:11
PK3 Forward
1 - 0% - 60%
2 - 0% - 40%
PK3 Defense
1 - 0% - 60%
2 - 0% - 40%
44 Forward
1 - 0% - 60%
2 - 0% - 40%
44 Defense
1 - 0% - 60%
2 - 0% - 40%
Last Minute Offensive - 0:00
Last Minute Defensive - 0:00
Total
Forward - 60:00
Defense - 60:00
|
% Time on Ice - Coyotes
Lines # - Real PCT - Wanted PCT - Time Play
Normal Forward
1 - 37% - 40% - 18:52
2 - 27% - 30% - 13:41
3 - 23% - 20% - 11:38
4 - 14% - 10% - 7:18
Normal Defense
1 - 38% - 40% - 19:23
2 - 33% - 32% - 17:05
3 - 29% - 28% - 15:01
4 - 0% - 0% - 0:00
PP Forward
1 - 47% - 60% - 2:08
2 - 53% - 40% - 2:25
PP Defense
1 - 59% - 60% - 2:40
2 - 41% - 40% - 1:53
PK Forward
1 - 84% - 60% - 3:19
2 - 16% - 40% - 0:39
PK Defense
1 - 55% - 60% - 2:10
2 - 45% - 40% - 1:48
PK3 Forward
1 - 0% - 60%
2 - 0% - 40%
PK3 Defense
1 - 0% - 60%
2 - 0% - 40%
44 Forward
1 - 0% - 60%
2 - 0% - 40%
44 Defense
1 - 0% - 60%
2 - 0% - 40%
Last Minute Offensive - 0:00
Last Minute Defensive - 0:00
Total
Forward - 60:00
Defense - 60:00
|
Play by Play
1st period
0:01 of 1st period - Henrik Sedin wins face-off versus Brad Richards in neutral zone.
0:10 of 1st period - Snap shot by Henrik Sedin.
0:10 of 1st period - Stopped by Maxime Daigneault without a rebound.
0:11 of 1st period - Nazem Kadri wins face-off versus Tim Connolly in Coyotes zone.
0:20 of 1st period - Snap shot by Marek Svatos.
0:20 of 1st period - Stopped by Kevin Poulin with a rebound.
0:22 of 1st period - Wrist shot by Marek Svatos.
0:22 of 1st period - Deflect By Victor Oreskovich.
0:22 of 1st period - Shot Misses the Net.
0:22 of 1st period - Puck is out of play.
0:23 of 1st period - Dave Bolland wins face-off versus Maxim Talbot in Bruins zone.
0:30 of 1st period - Snap shot by Maxim Talbot.
0:30 of 1st period - Stopped by Kevin Poulin without a rebound.
0:31 of 1st period - Maxim Talbot wins face-off versus Dave Bolland in Bruins zone.
1:04 of 1st period - Wrist shot by Wojtek Wolski.
1:04 of 1st period - Shot Misses the Net.
1:16 of 1st period - Anton Stralman is hit by Nate Prosser and loses puck.
1:46 of 1st period - Icing by Chad Larose.
1:47 of 1st period - Brooks Laich wins face-off versus Henrik Sedin in Coyotes zone.
1:47 of 1st period - Brooks Laich is hit by Shane O'Brien.
1:55 of 1st period - Wrist shot by Wojtek Wolski.
1:55 of 1st period - Shot Misses the Net.
2:04 of 1st period - Icing by Jason Demers.
2:05 of 1st period - Henrik Sedin wins face-off versus Brad Richards in Bruins zone.
2:05 of 1st period - Henrik Sedin is hit by Marian Gaborik.
2:48 of 1st period - Icing by Shane O'Brien.
2:49 of 1st period - Ryane Clowe wins face-off versus Dave Bolland in Bruins zone.
3:41 of 1st period - Brad Richards is hit by Tim Connolly and loses puck.
4:01 of 1st period - Icing by Shane O'Brien.
4:02 of 1st period - Tim Connolly wins face-off versus Nazem Kadri in Bruins zone.
4:02 of 1st period - Tim Connolly is hit by Marek Svatos.
4:12 of 1st period - Wrist shot by Zach Parise.
4:12 of 1st period - Shot Misses the Net.
4:50 of 1st period - Slapshot by Michael Del Zotto.
4:50 of 1st period - Deflect By Chad Larose.
4:50 of 1st period - Shot Blocked by Andrew Alberts.
4:50 of 1st period - Puck is out of play.
4:51 of 1st period - Brooks Laich wins face-off versus Casey Cizikas in Bruins zone.
5:22 of 1st period - Backhand shot by Wojtek Wolski.
5:22 of 1st period - Shot Blocked by Nazem Kadri.
5:24 of 1st period - Slapshot by Cam Fowler.
5:24 of 1st period - Shot Misses the Net.
5:26 of 1st period - Snap shot by Andrew Alberts.
5:26 of 1st period - Shot Blocked by Marek Svatos.
5:42 of 1st period - Greg Zanon is hit by Nate Prosser and loses puck.
5:51 of 1st period - Wrist shot by Marian Gaborik.
5:51 of 1st period - Stopped by Kevin Poulin without a rebound.
5:52 of 1st period - Henrik Sedin wins face-off versus Brad Richards in Bruins zone.
5:57 of 1st period - Off-side.
5:58 of 1st period - Brad Richards wins face-off versus Henrik Sedin in neutral zone.
6:14 of 1st period - Minor Penalty to Nathan Horton for High sticking.
6:15 of 1st period - Brad Richards wins face-off versus Henrik Sedin in Bruins zone.
6:41 of 1st period - Wrist shot by Zach Parise.
6:41 of 1st period - Stopped by Kevin Poulin without a rebound.
6:42 of 1st period - Henrik Sedin wins face-off versus Nazem Kadri in Bruins zone.
6:47 of 1st period - Wrist shot by Nazem Kadri.
6:47 of 1st period - Shot Misses the Net.
6:49 of 1st period - Wrist shot by Nazem Kadri.
6:49 of 1st period - Deflect By Marek Svatos.
6:49 of 1st period - Goal by Marek Svatos - Bruins : 0 - Coyotes : 1.
6:50 of 1st period - Henrik Sedin wins face-off versus Zach Parise in neutral zone.
6:55 of 1st period - Snap shot by Wojtek Wolski.
6:55 of 1st period - Stopped by Maxime Daigneault without a rebound.
6:56 of 1st period - Henrik Sedin wins face-off versus Nazem Kadri in Coyotes zone.
7:01 of 1st period - Wrist shot by Wojtek Wolski.
7:01 of 1st period - Shot Blocked by Anton Stralman.
7:03 of 1st period - Snap shot by Wojtek Wolski.
7:03 of 1st period - Stopped by Maxime Daigneault without a rebound.
7:04 of 1st period - Brad Richards wins face-off versus Henrik Sedin in Coyotes zone.
7:29 of 1st period - Andrew Alberts is hit by Anton Stralman and loses puck.
8:14 of 1st period - Snap shot by Casey Cizikas.
8:14 of 1st period - Stopped by Maxime Daigneault with a rebound.
8:16 of 1st period - Slapshot by Andrew Alberts.
8:16 of 1st period - Stopped by Maxime Daigneault without a rebound.
8:17 of 1st period - Henrik Sedin wins face-off versus Brad Richards in Coyotes zone.
8:29 of 1st period - Off-side.
8:30 of 1st period - Brad Richards wins face-off versus Henrik Sedin in neutral zone.
9:04 of 1st period - Snap shot by Zach Parise.
9:04 of 1st period - Shot Blocked by Jason Demers.
10:21 of 1st period - Nazem Kadri is hit by Rene Bourque and loses puck.
10:48 of 1st period - Ryane Clowe is hit by Viktor Stalberg and loses puck.
11:01 of 1st period - Wrist shot by Wojtek Wolski.
11:01 of 1st period - Shot Misses the Net.
11:03 of 1st period - Wrist shot by Andrew Alberts.
11:03 of 1st period - Deflect By Nathan Horton.
11:03 of 1st period - Shot Blocked by Thomas Hickey.
11:03 of 1st period - Puck is out of play.
11:04 of 1st period - Wojtek Wolski wins face-off versus Martin Samuelsson in Coyotes zone.
11:26 of 1st period - Slapshot by Henrik Sedin.
11:26 of 1st period - Shot Misses the Net.
11:28 of 1st period - Snap shot by Henrik Sedin.
11:28 of 1st period - Stopped by Maxime Daigneault with a rebound.
11:30 of 1st period - Wrist shot by Cam Fowler.
11:30 of 1st period - Deflect By Wojtek Wolski.
11:30 of 1st period - Shot Blocked by Josh Gorges.
11:30 of 1st period - Puck is out of play.
11:31 of 1st period - Tim Connolly wins face-off versus Marian Gaborik in Coyotes zone.
11:38 of 1st period - Wrist shot by Victor Oreskovich.
11:38 of 1st period - Shot Blocked by Anton Stralman.
11:46 of 1st period - Snap shot by Marian Gaborik.
11:46 of 1st period - Stopped by Kevin Poulin without a rebound.
11:47 of 1st period - Nazem Kadri wins face-off versus Henrik Sedin in Bruins zone.
11:48 of 1st period - Backhand shot by Marek Svatos.
11:48 of 1st period - Shot Misses the Net.
11:50 of 1st period - Snap shot by Anton Stralman.
11:50 of 1st period - Shot Misses the Net.
11:52 of 1st period - Snap shot by Zach Parise.
11:52 of 1st period - Shot Misses the Net.
12:03 of 1st period - Slapshot by Zach Parise.
12:03 of 1st period - Shot Misses the Net.
12:24 of 1st period - Snap shot by Maxim Talbot.
12:24 of 1st period - Shot Misses the Net.
12:26 of 1st period - Wrist shot by Chris Stewart.
12:26 of 1st period - Shot Misses the Net.
12:42 of 1st period - Backhand shot by Victor Oreskovich.
12:42 of 1st period - Stopped by Maxime Daigneault without a rebound.
12:43 of 1st period - Brad Richards wins face-off versus Dave Bolland in Coyotes zone.
13:10 of 1st period - Tim Connolly is hit by Marek Svatos and loses puck.
13:51 of 1st period - Kevin Bieksa is hit by Chad Larose and loses puck.
13:58 of 1st period - Snap shot by Martin Samuelsson.
13:58 of 1st period - Stopped by Kevin Poulin without a rebound.
13:59 of 1st period - Brad Richards wins face-off versus Dave Bolland in Bruins zone.
14:06 of 1st period - Snap shot by Tyler Ennis.
14:06 of 1st period - Shot Misses the Net.
14:08 of 1st period - Wrist shot by Tyler Ennis.
14:08 of 1st period - Stopped by Kevin Poulin with a rebound.
14:10 of 1st period - Slapshot by Thomas Hickey.
14:10 of 1st period - Stopped by Kevin Poulin with a rebound.
14:12 of 1st period - Wrist shot by Marian Gaborik.
14:12 of 1st period - Stopped by Kevin Poulin with a rebound.
14:14 of 1st period - Wrist shot by Marian Gaborik.
14:14 of 1st period - Stopped by Kevin Poulin without a rebound.
14:15 of 1st period - Nazem Kadri wins face-off versus Henrik Sedin in Bruins zone.
14:32 of 1st period - Wrist shot by Nazem Kadri.
14:32 of 1st period - Shot Misses the Net.
14:46 of 1st period - Tyler Ennis is hit by Victor Oreskovich and loses puck.
15:33 of 1st period - Slapshot by Casey Cizikas.
15:33 of 1st period - Shot Misses the Net.
16:27 of 1st period - Viktor Stalberg is hit by Thomas Hickey and loses puck.
16:40 of 1st period - Backhand shot by Rene Bourque.
16:40 of 1st period - Shot Misses the Net.
17:32 of 1st period - Slapshot by Michael Del Zotto.
17:32 of 1st period - Shot Misses the Net.
17:42 of 1st period - Tyler Ennis is hit by Shane O'Brien and loses puck.
18:37 of 1st period - Snap shot by Tim Connolly.
18:37 of 1st period - Shot Misses the Net.
18:39 of 1st period - Snap shot by Viktor Stalberg.
18:39 of 1st period - Stopped by Maxime Daigneault without a rebound.
18:40 of 1st period - Tim Connolly wins face-off versus Brad Richards in Coyotes zone.
19:32 of 1st period - Cam Fowler is hit by Ryane Clowe and loses puck.
Goals for this period are 0 for Bruins vs 1 for Coyotes.
Shots for this period are 8 for Bruins vs 11 for Coyotes.
2nd period
0:01 of 2nd period - Brad Richards wins face-off versus Henrik Sedin in neutral zone.
0:04 of 2nd period - Backhand shot by Marian Gaborik.
0:04 of 2nd period - Stopped by Kevin Poulin without a rebound.
0:05 of 2nd period - Henrik Sedin wins face-off versus Tyler Ennis in Bruins zone.
0:22 of 2nd period - Slapshot by Brad Richards.
0:22 of 2nd period - Goal by Brad Richards - Bruins : 0 - Coyotes : 2.
0:23 of 2nd period - Brad Richards wins face-off versus Henrik Sedin in neutral zone.
0:35 of 2nd period - Minor Penalty to Shane O'Brien for Roughing.
0:36 of 2nd period - Brad Richards wins face-off versus Henrik Sedin in Bruins zone.
1:02 of 2nd period - Snap shot by Michael Del Zotto.
1:02 of 2nd period - Stopped by Kevin Poulin with a rebound.
2:01 of 2nd period - Slapshot by Marek Svatos.
2:01 of 2nd period - Stopped by Kevin Poulin without a rebound.
2:02 of 2nd period - Tyler Ennis wins face-off versus Rene Bourque in Bruins zone.
2:05 of 2nd period - Wrist shot by Tyler Ennis.
2:05 of 2nd period - Deflect By Brad Richards.
2:05 of 2nd period - Shot Misses the Net.
2:05 of 2nd period - Puck is out of play.
2:06 of 2nd period - Henrik Sedin wins face-off versus Brad Richards in Bruins zone.
2:35 of 2nd period - Penalty to Shane O'Brien is over, Shane O'Brien is back on ice.
2:50 of 2nd period - Kevin Bieksa is hit by Ryane Clowe and loses puck.
3:07 of 2nd period - Wrist shot by Matt Cooke.
3:07 of 2nd period - Deflect By Rene Bourque.
3:07 of 2nd period - Shot Blocked by Greg Zanon.
3:07 of 2nd period - Puck is out of play.
3:08 of 2nd period - Dave Bolland wins face-off versus Brooks Laich in Coyotes zone.
3:17 of 2nd period - Snap shot by Matt Cooke.
3:17 of 2nd period - Stopped by Maxime Daigneault with a rebound.
3:19 of 2nd period - Wrist shot by Matt Cooke.
3:19 of 2nd period - Shot Misses the Net.
3:21 of 2nd period - Wrist shot by Rene Bourque.
3:21 of 2nd period - Shot Misses the Net.
4:05 of 2nd period - Wrist shot by Zach Parise.
4:05 of 2nd period - Shot Misses the Net.
4:19 of 2nd period - Snap shot by Casey Cizikas.
4:19 of 2nd period - Shot Misses the Net.
4:21 of 2nd period - Slapshot by Cam Fowler.
4:21 of 2nd period - Shot Misses the Net.
4:27 of 2nd period - Snap shot by Kris Chucko.
4:27 of 2nd period - Stopped by Maxime Daigneault with a rebound.
4:45 of 2nd period - Slapshot by Michael Del Zotto.
4:45 of 2nd period - Stopped by Kevin Poulin without a rebound.
4:46 of 2nd period - Brad Richards wins face-off versus Henrik Sedin in Bruins zone.
5:11 of 2nd period - Viktor Stalberg is hit by Zach Parise.
6:01 of 2nd period - Snap shot by Tyler Ennis.
6:01 of 2nd period - Shot Misses the Net.
6:03 of 2nd period - Slapshot by Anton Stralman.
6:03 of 2nd period - Deflect By Brad Richards.
6:03 of 2nd period - Shot Misses the Net.
6:03 of 2nd period - Puck is out of play.
6:04 of 2nd period - Henrik Sedin wins face-off versus Nazem Kadri in Bruins zone.
6:17 of 2nd period - Jason Demers is hit by Marek Svatos and loses puck.
7:16 of 2nd period - Slapshot by Brooks Laich.
7:16 of 2nd period - Deflect By Chad Larose.
7:16 of 2nd period - Stopped by Kevin Poulin without a rebound.
7:17 of 2nd period - Dave Bolland wins face-off versus Brooks Laich in Bruins zone.
7:26 of 2nd period - Snap shot by Dave Bolland.
7:26 of 2nd period - Stopped by Maxime Daigneault without a rebound.
7:27 of 2nd period - Brad Richards wins face-off versus Henrik Sedin in Coyotes zone.
7:27 of 2nd period - Brad Richards is hit by Nathan Horton.
7:33 of 2nd period - Slapshot by Marian Gaborik.
7:33 of 2nd period - Stopped by Kevin Poulin with a rebound.
7:35 of 2nd period - Wrist shot by Brad Richards.
7:35 of 2nd period - Shot Blocked by Andrew Alberts.
7:37 of 2nd period - Slapshot by Tyler Ennis.
7:37 of 2nd period - Deflect By Marian Gaborik.
7:37 of 2nd period - Shot Blocked by Nathan Horton.
7:37 of 2nd period - Puck is out of play.
7:38 of 2nd period - Brad Richards wins face-off versus Henrik Sedin in Bruins zone.
7:39 of 2nd period - Snap shot by Tyler Ennis.
7:39 of 2nd period - Shot Blocked by Henrik Sedin.
7:46 of 2nd period - Off-side.
7:47 of 2nd period - Henrik Sedin wins face-off versus Brad Richards in neutral zone.
7:49 of 2nd period - Jason Demers is hit by Anton Stralman and loses puck.
8:20 of 2nd period - Backhand shot by Brad Richards.
8:20 of 2nd period - Shot Misses the Net.
8:57 of 2nd period - Jason Demers is hit by Kristopher Letang.
8:59 of 2nd period - Wrist shot by Wojtek Wolski.
8:59 of 2nd period - Stopped by Maxime Daigneault without a rebound.
9:00 of 2nd period - Nazem Kadri wins face-off versus Tim Connolly in Coyotes zone.
9:00 of 2nd period - Nazem Kadri is hit by Cam Fowler.
9:26 of 2nd period - Rene Bourque is hit by Chris Stewart and loses puck.
9:33 of 2nd period - Wrist shot by Ryane Clowe.
9:33 of 2nd period - Shot Misses the Net.
9:35 of 2nd period - Snap shot by Chris Stewart.
9:35 of 2nd period - Shot Misses the Net.
9:45 of 2nd period - Backhand shot by Casey Cizikas.
9:45 of 2nd period - Stopped by Maxime Daigneault without a rebound.
9:46 of 2nd period - Brooks Laich wins face-off versus Casey Cizikas in Coyotes zone.
9:48 of 2nd period - Minor Penalty to Brooks Laich for Roughing.
9:49 of 2nd period - Henrik Sedin wins face-off versus Chad Larose in Coyotes zone.
9:55 of 2nd period - Snap shot by Henrik Sedin.
9:55 of 2nd period - Stopped by Maxime Daigneault without a rebound.
9:56 of 2nd period - Henrik Sedin wins face-off versus Chad Larose in Coyotes zone.
10:09 of 2nd period - Wrist shot by Henrik Sedin.
10:09 of 2nd period - Stopped by Maxime Daigneault without a rebound.
10:10 of 2nd period - Henrik Sedin wins face-off versus Chad Larose in Coyotes zone.
11:48 of 2nd period - Penalty to Brooks Laich is over, Brooks Laich is back on ice.
11:55 of 2nd period - Brooks Laich is hit by Nikolai Zherdev and loses puck.
12:00 of 2nd period - Snap shot by Nikolai Zherdev.
12:00 of 2nd period - Stopped by Maxime Daigneault with a rebound.
12:02 of 2nd period - Slapshot by Andrew Alberts.
12:02 of 2nd period - Stopped by Maxime Daigneault with a rebound.
12:04 of 2nd period - Wrist shot by Nikolai Zherdev.
12:04 of 2nd period - Shot Misses the Net.
12:06 of 2nd period - Snap shot by Casey Cizikas.
12:06 of 2nd period - Deflect By Greg Zanon.
12:06 of 2nd period - Stopped by Maxime Daigneault without a rebound.
12:07 of 2nd period - Nazem Kadri wins face-off versus Tim Connolly in Coyotes zone.
13:17 of 2nd period - Wrist shot by Ryane Clowe.
13:17 of 2nd period - Stopped by Kevin Poulin with a rebound.
13:19 of 2nd period - Wrist shot by Maxim Talbot.
13:19 of 2nd period - Shot Blocked by Nate Prosser.
13:42 of 2nd period - Snap shot by Tim Connolly.
13:42 of 2nd period - Shot Blocked by Thomas Hickey.
14:00 of 2nd period - Wrist shot by Tyler Ennis.
14:00 of 2nd period - Shot Hit the Post.
14:02 of 2nd period - Slapshot by Greg Zanon.
14:02 of 2nd period - Deflect By Jason Demers.
14:02 of 2nd period - Stopped by Kevin Poulin with a rebound.
14:04 of 2nd period - Snap shot by Brad Richards.
14:04 of 2nd period - Shot Misses the Net.
14:06 of 2nd period - Snap shot by Brad Richards.
14:06 of 2nd period - Stopped by Kevin Poulin without a rebound.
14:07 of 2nd period - Henrik Sedin wins face-off versus Nazem Kadri in Bruins zone.
14:18 of 2nd period - Snap shot by Henrik Sedin.
14:18 of 2nd period - Deflect By Wojtek Wolski.
14:18 of 2nd period - Stopped by Maxime Daigneault without a rebound.
14:19 of 2nd period - Henrik Sedin wins face-off versus Brad Richards in Coyotes zone.
14:46 of 2nd period - Snap shot by Dave Bolland.
14:46 of 2nd period - Goal by Dave Bolland - Bruins : 1 - Coyotes : 2.
14:47 of 2nd period - Nazem Kadri wins face-off versus Henrik Sedin in neutral zone.
14:50 of 2nd period - Shane O'Brien is hit by Nazem Kadri and loses puck.
15:03 of 2nd period - Wrist shot by Nazem Kadri.
15:03 of 2nd period - Stopped by Kevin Poulin with a rebound.
15:13 of 2nd period - Kristopher Letang is hit by Shane O'Brien and loses puck.
15:57 of 2nd period - Slapshot by Kris Chucko.
15:57 of 2nd period - Stopped by Maxime Daigneault with a rebound.
15:59 of 2nd period - Slapshot by Nikolai Zherdev.
15:59 of 2nd period - Deflect By Kris Chucko.
15:59 of 2nd period - Shot Blocked by Josh Gorges.
15:59 of 2nd period - Puck is out of play.
16:00 of 2nd period - Brooks Laich wins face-off versus Casey Cizikas in Coyotes zone.
16:09 of 2nd period - Slapshot by Martin Samuelsson.
16:09 of 2nd period - Stopped by Kevin Poulin without a rebound.
16:10 of 2nd period - Nazem Kadri wins face-off versus Henrik Sedin in Bruins zone.
16:23 of 2nd period - Wrist shot by Nathan Horton.
16:23 of 2nd period - Stopped by Maxime Daigneault without a rebound.
16:24 of 2nd period - Brad Richards wins face-off versus Tim Connolly in Coyotes zone.
16:33 of 2nd period - Slapshot by Brad Richards.
16:33 of 2nd period - Stopped by Kevin Poulin with a rebound.
16:35 of 2nd period - Slapshot by Anton Stralman.
16:35 of 2nd period - Stopped by Kevin Poulin without a rebound.
16:36 of 2nd period - Nazem Kadri wins face-off versus Henrik Sedin in Bruins zone.
16:50 of 2nd period - Icing by Josh Gorges.
16:51 of 2nd period - Tim Connolly wins face-off versus Nazem Kadri in Coyotes zone.
17:00 of 2nd period - Shane O'Brien is hit by Josh Gorges and loses puck.
17:39 of 2nd period - Snap shot by Marek Svatos.
17:39 of 2nd period - Shot Misses the Net.
17:43 of 2nd period - Slapshot by Marek Svatos.
17:43 of 2nd period - Stopped by Kevin Poulin with a rebound.
17:45 of 2nd period - Slapshot by Marek Svatos.
17:45 of 2nd period - Shot Hit the Post.
17:55 of 2nd period - Wrist shot by Zach Parise.
17:55 of 2nd period - Stopped by Kevin Poulin with a rebound.
17:57 of 2nd period - Wrist shot by Josh Gorges.
17:57 of 2nd period - Shot Blocked by Jason Demers.
18:07 of 2nd period - Wrist shot by Nazem Kadri.
18:07 of 2nd period - Stopped by Kevin Poulin with a rebound.
18:09 of 2nd period - Snap shot by Michael Del Zotto.
18:09 of 2nd period - Stopped by Kevin Poulin with a rebound.
18:11 of 2nd period - Snap shot by Nazem Kadri.
18:11 of 2nd period - Stopped by Kevin Poulin with a rebound.
18:29 of 2nd period - Snap shot by Nazem Kadri.
18:29 of 2nd period - Goal by Nazem Kadri - Bruins : 1 - Coyotes : 3.
18:30 of 2nd period - Brad Richards wins face-off versus Henrik Sedin in neutral zone.
18:32 of 2nd period - Anton Stralman is hit by Cam Fowler and loses puck.
19:05 of 2nd period - Wrist shot by Chris Stewart.
19:05 of 2nd period - Shot Blocked by Andrew Alberts.
19:07 of 2nd period - Slapshot by Chris Stewart.
19:07 of 2nd period - Shot Misses the Net.
19:09 of 2nd period - Snap shot by Chris Stewart.
19:09 of 2nd period - Deflect By Maxim Talbot.
19:09 of 2nd period - Stopped by Kevin Poulin with a rebound.
19:11 of 2nd period - Slapshot by Greg Zanon.
19:11 of 2nd period - Shot Misses the Net.
Goals for this period are 1 for Bruins vs 2 for Coyotes.
Shots for this period are 14 for Bruins vs 21 for Coyotes.
3rd period
0:01 of 3rd period - Henrik Sedin wins face-off versus Tyler Ennis in neutral zone.
0:04 of 3rd period - Slapshot by Nathan Horton.
0:04 of 3rd period - Shot Blocked by Brad Richards.
0:06 of 3rd period - Snap shot by Henrik Sedin.
0:06 of 3rd period - Stopped by Maxime Daigneault with a rebound.
0:08 of 3rd period - Snap shot by Jason Demers.
0:08 of 3rd period - Deflect By Henrik Sedin.
0:08 of 3rd period - Shot Misses the Net.
0:08 of 3rd period - Puck is out of play.
0:09 of 3rd period - Henrik Sedin wins face-off versus Brad Richards in Coyotes zone.
0:40 of 3rd period - Snap shot by Henrik Sedin.
0:40 of 3rd period - Stopped by Maxime Daigneault without a rebound.
0:41 of 3rd period - Victor Oreskovich wins face-off versus Nazem Kadri in Coyotes zone.
0:56 of 3rd period - Snap shot by Nazem Kadri.
0:56 of 3rd period - Goal by Nazem Kadri - Bruins : 1 - Coyotes : 4.
0:57 of 3rd period - Brad Richards wins face-off versus Henrik Sedin in neutral zone.
1:34 of 3rd period - Snap shot by Rene Bourque.
1:34 of 3rd period - Stopped by Maxime Daigneault without a rebound.
1:35 of 3rd period - Henrik Sedin wins face-off versus Brad Richards in Coyotes zone.
1:44 of 3rd period - Snap shot by Wojtek Wolski.
1:44 of 3rd period - Stopped by Maxime Daigneault with a rebound.
1:46 of 3rd period - Wrist shot by Wojtek Wolski.
1:46 of 3rd period - Deflect By Nathan Horton.
1:46 of 3rd period - Goal by Nathan Horton - Bruins : 2 - Coyotes : 4.
1:47 of 3rd period - Henrik Sedin wins face-off versus Brad Richards in neutral zone.
2:00 of 3rd period - Snap shot by Wojtek Wolski.
2:00 of 3rd period - Shot Misses the Net.
2:02 of 3rd period - Wrist shot by Nathan Horton.
2:02 of 3rd period - Shot Blocked by Josh Gorges.
2:36 of 3rd period - Andrew Alberts is hit by Kristopher Letang and loses puck.
2:51 of 3rd period - Chris Stewart is hit by Kevin Bieksa and loses puck.
3:00 of 3rd period - Snap shot by Dave Bolland.
3:00 of 3rd period - Shot Blocked by Anton Stralman.
3:02 of 3rd period - Snap shot by Andrew Alberts.
3:02 of 3rd period - Shot Misses the Net.
4:15 of 3rd period - Wrist shot by Maxim Talbot.
4:15 of 3rd period - Shot Blocked by Nate Prosser.
4:29 of 3rd period - Wrist shot by Maxim Talbot.
4:29 of 3rd period - Shot Misses the Net.
5:05 of 3rd period - Dave Bolland is hit by Greg Zanon and loses puck.
5:15 of 3rd period - Off-side.
5:16 of 3rd period - Brad Richards wins face-off versus Henrik Sedin in neutral zone.
5:33 of 3rd period - Snap shot by Michael Del Zotto.
5:33 of 3rd period - Shot Misses the Net.
5:51 of 3rd period - Jason Demers is hit by Marian Gaborik.
5:57 of 3rd period - Tyler Ennis is hit by Nathan Horton and loses puck.
6:03 of 3rd period - Minor Penalty to Henrik Sedin for Interference.
6:04 of 3rd period - Nazem Kadri wins face-off versus Casey Cizikas in Bruins zone.
7:29 of 3rd period - Marian Gaborik is hit by Viktor Stalberg and loses puck.
7:39 of 3rd period - Icing by Kristopher Letang.
7:40 of 3rd period - Brad Richards wins face-off versus Casey Cizikas in Coyotes zone.
8:03 of 3rd period - Penalty to Henrik Sedin is over, Henrik Sedin is back on ice.
9:24 of 3rd period - Henrik Sedin is hit by Zach Parise.
11:32 of 3rd period - Greg Zanon is hit by Nikolai Zherdev and loses puck.
12:15 of 3rd period - Andrew Alberts is hit by Brad Richards and loses puck.
13:20 of 3rd period - Marian Gaborik is hit by Kris Chucko and loses puck.
13:39 of 3rd period - Minor Penalty to Anton Stralman for Hooking.
13:40 of 3rd period - Henrik Sedin wins face-off versus Chad Larose in Coyotes zone.
14:37 of 3rd period - Kristopher Letang is hit by Henrik Sedin and loses puck.
15:39 of 3rd period - Penalty to Anton Stralman is over, Anton Stralman is back on ice.
15:45 of 3rd period - Thomas Hickey is hit by Casey Cizikas and loses puck.
16:34 of 3rd period - Slapshot by Anton Stralman.
16:34 of 3rd period - Deflect By Marek Svatos.
16:34 of 3rd period - Shot Misses the Net.
16:34 of 3rd period - Puck is out of play.
16:35 of 3rd period - Nazem Kadri wins face-off versus Casey Cizikas in Bruins zone.
17:04 of 3rd period - Anton Stralman is hit by Jason Demers and loses puck.
17:54 of 3rd period - Martin Samuelsson is hit by Victor Oreskovich and loses puck.
18:31 of 3rd period - Greg Zanon is hit by Victor Oreskovich and loses puck.
Goals for this period are 1 for Bruins vs 1 for Coyotes.
Shots for this period are 5 for Bruins vs 1 for Coyotes.
Back to the Top